 Dungeon Crawl Stone Soup version 0.25-a0-100-g33052ceff8 (console) character file.

Game seed: 8913634152011010838, levelgen mode: deterministic

9945 Kagalorn the Thaumaturge (level 11, -8/81 HPs)
             Began as a Gnoll Ice Elementalist on Nov 15, 2019.
             Was a Priest of Ashenzari.
             Killed from afar by an ice dragon (20 damage)
             ... with a blast of cold
             ... on level 11 of the Dungeon.
             The game lasted 00:42:36 (9867 turns).

Kagalorn the Thaumaturge (Gnoll Ice Elementalist)   Turns: 9867, Time: 00:42:36

Health: -8/81      AC: 18    Str: 10    XL:     11   Next: 54%
Magic:  2/23       EV: 18    Int: 21    God:    Ashenzari [***...]
Gold:   779        SH:  7    Dex: 23    Spells: 18/26 levels left

rFire    . . .     SeeInvis +   S - +4 rapier
rCold    . . .     Gourm    .   I - +0 buckler "Siengol" {Dex+7} (curse)
rNeg     . . .     Faith    .   w - +2 leather armour {rPois}
rPois    +         Spirit   .   t - +2 helmet (curse)
rElec    .         Reflect  .   U - +2 cloak {rPois}
rCorr    .         Harm     .   (no gloves)
MR       +....                  e - +0 pair of boots
Stlth    ++++......             n - amulet of the acrobat
HPRegen  0.23/turn              d - ring of protection from magic
MPRegen  0.18/turn              v - +5 ring of protection (curse)

@: no status effects
A: distributed training, fangs 1, strong nose
a: Curse Item, Scrying, Renounce Religion


You were on level 11 of the Dungeon.
You worshipped Ashenzari.
Ashenzari was most pleased with you.
You were not hungry.

You visited 2 branches of the dungeon, and saw 12 of its levels.

You collected 779 gold pieces.

Inventory:

Hand Weapons
 o - a +2 whip of electrocution
 O - a +3 hand crossbow
 S - a +4 rapier (weapon)
Missiles
 a - 205 arrows
 b - 443 stones (quivered)
 f - 220 sling bullets
 g - 34 bolts
 p - 4 curare-tipped darts
 C - 28 poisoned darts
 T - 8 atropa-tipped darts
Armour
 e - a +0 pair of boots (worn)
 s - a scarf of cloud immunity
 t - a cursed +2 helmet (worn)
 w - a +2 leather armour of poison resistance (worn)
 I - the cursed +0 buckler "Siengol" (worn) {Dex+7}
   (You found it on level 6 of the Dungeon)

   It affects your dexterity (+7).
   It has a curse placed upon it.
 U - a +2 cloak of poison resistance (worn)
Magical Staves
 H - a cursed staff of cold
 Y - an uncursed staff of conjuration
Jewellery
 d - a ring of protection from magic (left hand)
 n - an amulet of the acrobat (around neck)
 v - a cursed +5 ring of protection (right hand)
Wands
 y - a wand of flame (40)
 W - a wand of clouds (4)
Scrolls
 h - 3 scrolls of remove curse
 j - 2 scrolls of noise
 l - 2 scrolls of fog {unknown}
 m - 2 scrolls of magic mapping {unknown}
 r - 2 scrolls of blinking {unknown}
 x - 4 scrolls of teleportation
 z - 2 scrolls of amnesia {unknown}
 B - 2 scrolls of enchant armour {unknown}
 F - 3 scrolls of random uselessness {unknown}
 L - a scroll of holy word {unknown}
 M - a scroll of vulnerability {unknown}
 X - a scroll of summoning {unknown}
 Z - 2 scrolls of enchant weapon {unknown}
Potions
 i - a potion of resistance
 k - 3 potions of haste {unknown}
 q - 2 potions of might
 A - 2 potions of invisibility
 D - a potion of agility
 E - 3 potions of curing
 G - 3 potions of brilliance
 J - 3 potions of cancellation
 K - a potion of magic
 N - 5 potions of heal wounds
 P - 2 potions of lignification {unknown}
 R - a potion of degeneration {unknown}
Miscellaneous
 Q - a box of beasts
Comestibles
 c - 21 rations


   Skills:
 + Level 6.3 Fighting
 + Level 6.3 Short Blades
 + Level 6.3 Long Blades
 + Level 6.3 Axes
 + Level 6.3 Maces & Flails
 + Level 6.3 Polearms
 + Level 6.3 Staves
 + Level 6.3 Slings
 + Level 6.3 Bows
 + Level 6.3 Crossbows
 + Level 6.3 Throwing
 + Level 6.3 Armour
 + Level 7.9 Dodging
 + Level 7.6 Stealth
 + Level 6.3(8.2) Shields
 + Level 6.3 Unarmed Combat
 + Level 8.1 Spellcasting
 + Level 5.7 Conjurations
 + Level 5.2 Hexes
 + Level 5.2 Charms
 + Level 5.2 Summonings
 + Level 5.2 Necromancy
 + Level 5.2 Translocations
 + Level 5.2 Transmutations
 + Level 5.2 Fire Magic
 + Level 7.6 Ice Magic
 + Level 5.2 Air Magic
 + Level 5.2 Earth Magic
 + Level 5.2 Poison Magic
 + Level 6.9 Invocations
 + Level 6.3 Evocations


You had 18 spell levels left.
You knew the following spells:

 Your Spells              Type           Power        Failure   Level  Hunger
a - Freeze                Ice            ####         1%          1    None
c - Regeneration          Chrm/Necr      ####......   3%          3    None
d - Summon Ice Beast      Ice/Summ       #####...     7%          4    ###....

Your spell library contained the following spells:

 Spells                   Type           Power        Failure   Level  Hunger
 Animate Skeleton         Necr           N/A          1%          1    None
 Pain                     Necr           ####         1%          1    None
 Throw Frost              Conj/Ice       #####.       1%          2    None
 Ozocubu's Armour         Chrm/Ice       #####...     2%          3    None
 Vampiric Draining        Necr           ####......   3%          3    None
 Throw Icicle             Conj/Ice       #####...     6%          4    ###....
 Animate Dead             Necr           N/A          12%         4    ###....


Dungeon Overview and Level Annotations

Branches:
Dungeon (11/15)            Temple (1/1) D:4            Lair (0/6) D:11
    Orc (0/2) D:9

Altars:
Ashenzari
Cheibriados
Dithmenos
Elyvilon
Fedhas
Gozag
Hepliaklqana
Kikubaaqudgha
Makhleb
Nemelex Xobeh
Okawaru
Qazlal
Ru
Sif Muna
Trog
Uskayaw
Vehumet
Wu Jian
Xom
Yredelemnul
Zin
The Shining One

Shops:
D:7 [

Portals:
Ice
Cave: D:11

Annotations:
D:3 1 runed translucent door, Crazy Yiuf
D:10 1 transporter


Innate Abilities, Weirdness & Mutations

Your experience applies equally to all skills.
You have very sharp teeth.
Your uncanny sense of smell can sniff out nearby items.


Message History

Your ice beast hits the ice dragon.
Your ice beast freezes the ice dragon.
The ice dragon resists.
Things that are here:
a polar bear corpse; a yak corpse The ice dragon barely misses your ice beast.
The ice dragon claws your ice beast! The ice dragon tramples your ice beast.
Your ice beast stumbles backwards!
Your ice beast hits the ice dragon but does no damage.
The ice dragon bites your ice beast but does no damage.
The ice dragon claws your ice beast.
Your ice beast dies!
Your ice beast hits the ice dragon but does no damage.
The ice dragon breathes frost at you. The blast of cold misses you.
Your ice beast hits the ice dragon.
Your ice beast freezes the ice dragon.
The ice dragon resists.
There is a frozen archway here.
Your ice beast disappears in a puff of smoke!
The ice dragon breathes frost at you. The blast of cold hits you!!
You die...

####### ### #.#...##
##†###†.....#
########.#.§†D..@..##############
....##.Y####†#.....##........†...
##.....## ####...########.#####.
#..####### ######## #.# *, #..#
#.# #.# #.# * #..# #.# #.# #.# *
#..# #.# #.# #.# * #..# #.# #.#
#.# , #..# #.# #.#####.#####


You could see an ice dragon.

Vanquished Creatures
  A two-headed ogre (D:9)
  Maurice (D:8)
  A gargoyle (D:9)
  A rime drake (D:11)
  2 polar bears (D:11)
  A hippogriff (D:10)
  Sigmund (D:6)
  6 yaks (D:11)
  A water moccasin (D:9)
  3 porcupines (D:11)
  An orc warrior (D:7)
  An ice beast (D:11)
  A black bear (D:11)
  2 phantoms
  A crocodile (D:11)
  A centaur (D:10)
  2 big kobolds (D:10)
  6 bullfrogs
  A scorpion (D:8)
  2 killer bees (D:10)
  6 wights
  A howler monkey (D:8)
  3 crimson imps
  2 centaur zombies
  4 hounds
  2 quasits
  8 orc priests
  6 jellies
  A centaur skeleton (D:5)
  10 orc wizards
  6 bullfrog skeletons
  Ijyb (D:3)
  An iguana (D:8)
  18 worker ants
  2 howler monkey zombies
  Robin (D:4)
  7 gnolls (D:4)
  6 adders
  2 shadow imps
  A white imp (D:5)
  An ooze (D:6)
  3 adder skeletons
  4 adder zombies
  2 worms (D:2)
  A dart slug (D:1)
  8 leopard geckos
  47 orcs
  9 bats
  4 giant cockroaches
  15 goblins
  12 hobgoblins
  9 jackals
  9 kobolds
  8 quokkas
  A ball python (D:4)
  A ball python skeleton (D:4)
  7 frilled lizards
  A jackal zombie (D:9)
  A leopard gecko skeleton (D:4)
  2 quokka skeletons (D:4)
  5 rats
  A fungus (D:3)
275 creatures vanquished.

Vanquished Creatures (collateral kills)
  A centaur warrior (D:9)
  2 two-headed ogres
  Pikel (D:7)
  A troll (D:10)
  A hornet (D:6)
  A human (D:7)
  A yak (D:11)
  4 hogs (D:7)
  2 orc warriors
  4 ogres
  2 centaurs
  2 bullfrogs
  2 killer bees (D:10)
  A hound (D:10)
  A jelly (D:10)
  2 worker ants (D:9)
  A leopard gecko (D:9)
  6 orcs
  2 goblins (D:4)
  2 quokkas (D:10)
  A giant cockroach zombie (D:6)
  9 kobolds (D:10)
49 creatures vanquished.

Vanquished Creatures (others)
  An adder (D:7)
  14 fungi (D:11)
  4 plants (D:11)
19 creatures vanquished.

Grand Total: 343 creatures vanquished

Notes
Turn   | Place    | Note
-------+----------+-------------------------------------------
     0 | D:1      | Kagalorn the Gnoll Ice Elementalist began the quest for the
                  | Orb.
     0 | D:1      | Reached XP level 1. HP: 13/13 MP: 6/6
   126 | D:1      | Reached XP level 2. HP: 19/19 MP: 2/7
   383 | D:1      | Reached XP level 3. HP: 21/25 MP: 0/9
   415 | D:1      | Reached skill level 5 in Spellcasting
   802 | D:2      | Found a glowing golden altar of the Shining One.
   803 | D:2      | Found a white marble altar of Elyvilon.
   806 | D:2      | Found a bloodstained altar of Trog.
   807 | D:2      | Found a shattered altar of Ashenzari.
   814 | D:2      | Became a worshipper of Ashenzari the Shackled
   891 | D:2      | Reached skill level 1 in Invocations
   912 | D:2      | Found a faded altar of an unknown god.
   997 | D:2      | Reached skill level 1 in Fighting
   997 | D:2      | Reached skill level 1 in Short Blades
   997 | D:2      | Reached skill level 1 in Long Blades
   997 | D:2      | Reached skill level 1 in Axes
   997 | D:2      | Reached skill level 1 in Maces & Flails
   997 | D:2      | Reached skill level 1 in Polearms
   997 | D:2      | Reached skill level 1 in Staves
   997 | D:2      | Reached skill level 1 in Slings
   997 | D:2      | Reached skill level 1 in Bows
   997 | D:2      | Reached skill level 1 in Crossbows
   997 | D:2      | Reached skill level 1 in Throwing
   997 | D:2      | Reached skill level 1 in Armour
   997 | D:2      | Reached skill level 1 in Shields
   997 | D:2      | Reached skill level 1 in Unarmed Combat
   997 | D:2      | Reached skill level 1 in Evocations
   997 | D:2      | Reached XP level 4. HP: 27/32 MP: 6/11
  1309 | D:2      | Reached skill level 1 in Hexes
  1309 | D:2      | Reached skill level 1 in Charms
  1309 | D:2      | Reached skill level 1 in Summonings
  1309 | D:2      | Reached skill level 1 in Necromancy
  1309 | D:2      | Reached skill level 1 in Translocations
  1309 | D:2      | Reached skill level 1 in Transmutations
  1309 | D:2      | Reached skill level 1 in Fire Magic
  1309 | D:2      | Reached skill level 1 in Air Magic
  1309 | D:2      | Reached skill level 1 in Earth Magic
  1309 | D:2      | Reached skill level 1 in Poison Magic
  1496 | D:3      | Reached XP level 5. HP: 21/37 MP: 10/12
  1723 | D:3      | Noticed Ijyb
  1730 | D:3      | Learned a level 4 spell: Summon Ice Beast
  1759 | D:3      | Killed Ijyb
  2198 | D:3      | Found a basalt altar of Yredelemnul.
  2198 | D:3      | Found a burning altar of Makhleb.
  2535 | D:3      | Found a runed translucent door.
  2536 | D:3      | Noticed Crazy Yiuf
  2637 | D:4      | Reached XP level 6. HP: 44/44 MP: 10/13
  2862 | D:4      | Reached * piety under Ashenzari
  2884 | D:4      | Reached skill level 5 in Dodging
  2954 | D:4      | Noticed Robin
  2986 | D:4      | Killed Robin
  2991 | D:4      | Reached XP level 7. HP: 9/50 MP: 3/15
  3690 | D:4      | Found a staircase to the Ecumenical Temple.
  3697 | Temple   | Entered the Ecumenical Temple
  3946 | D:4      | Reached skill level 5 in Stealth
  4054 | D:4      | Reached XP level 8. HP: 40/57 MP: 0/16
  4249 | D:5      | Entered Level 5 of the Dungeon
  4410 | D:5      | Found a shadowy altar of Dithmenos.
  4488 | D:5      | Got the uncursed ring mail of the Suburbs {rPois Dex+2}
  4499 | D:5      | Identified the +0 ring mail of the Suburbs {rPois Dex+2}
                  | (You found it on level 5 of the Dungeon)
  4609 | D:5      | Reached skill level 6 in Spellcasting
  5018 | D:6      | Got the cursed buckler "Siengol" {Dex+7}
  5040 | D:6      | Identified the cursed +0 buckler "Siengol" {Dex+7} (You
                  | found it on level 6 of the Dungeon)
  5096 | D:6      | Learned a level 3 spell: Regeneration
  5117 | D:6      | Noticed Sigmund
  5127 | D:6      | Killed Sigmund
  5178 | D:6      | Reached XP level 9. HP: 58/65 MP: 15/18
  5252 | D:6      | Reached ** piety under Ashenzari
  5303 | D:6      | Noticed a hornet
  5318 | D:6      | Killed a hornet
  5447 | D:6      | Found a hazy altar of Hepliaklqana.
  5846 | D:7      | Found Dylubri's Armour Shoppe.
  6052 | D:7      | Noticed Pikel
  6082 | D:7      | Killed Pikel
  6082 | D:7      | Reached skill level 5 in Invocations
  6413 | D:8      | Reached XP level 10. HP: 73/73 MP: 16/20
  6438 | D:8      | Noticed Maurice
  6468 | D:7      | Reached skill level 7 in Spellcasting
  6616 | D:8      | Noticed a two-headed ogre
  6626 | D:8      | Killed a two-headed ogre
  6728 | D:8      | Reached skill level 5 in Fighting
  6728 | D:8      | Reached skill level 5 in Short Blades
  6728 | D:8      | Reached skill level 5 in Long Blades
  6728 | D:8      | Reached skill level 5 in Axes
  6728 | D:8      | Reached skill level 5 in Maces & Flails
  6728 | D:8      | Reached skill level 5 in Polearms
  6728 | D:8      | Reached skill level 5 in Staves
  6728 | D:8      | Reached skill level 5 in Slings
  6728 | D:8      | Reached skill level 5 in Bows
  6728 | D:8      | Reached skill level 5 in Crossbows
  6728 | D:8      | Reached skill level 5 in Throwing
  6728 | D:8      | Reached skill level 5 in Armour
  6728 | D:8      | Reached skill level 5 in Shields
  6728 | D:8      | Reached skill level 5 in Unarmed Combat
  6728 | D:8      | Reached skill level 5 in Evocations
  6778 | D:8      | Reached *** piety under Ashenzari
  6824 | D:8      | Killed Maurice
  7680 | D:9      | Noticed a two-headed ogre
  7845 | D:9      | Killed a two-headed ogre
  7901 | D:9      | Noticed a centaur warrior
  8309 | D:9      | Killed a centaur warrior
  8309 | D:9      | Reached skill level 5 in Conjurations
  8624 | D:9      | Noticed a gargoyle
  8632 | D:9      | Killed a gargoyle
  8640 | D:9      | Found a staircase to the Orcish Mines.
  8790 | D:10     | Entered Level 10 of the Dungeon
  9030 | D:10     | Noticed a wolf spider
  9074 | D:10     | Reached XP level 11. HP: 81/81 MP: 22/22
  9087 | D:10     | Found a transporter.
  9546 | D:11     | Noticed a two-headed ogre
  9636 | D:11     | Killed a two-headed ogre
  9666 | D:11     | Found a staircase to the Lair.
  9691 | D:11     | Reached skill level 5 in Hexes
  9691 | D:11     | Reached skill level 5 in Charms
  9691 | D:11     | Reached skill level 5 in Summonings
  9691 | D:11     | Reached skill level 5 in Necromancy
  9691 | D:11     | Reached skill level 5 in Translocations
  9691 | D:11     | Reached skill level 5 in Transmutations
  9691 | D:11     | Reached skill level 5 in Fire Magic
  9691 | D:11     | Reached skill level 5 in Air Magic
  9691 | D:11     | Reached skill level 5 in Earth Magic
  9691 | D:11     | Reached skill level 5 in Poison Magic
  9822 | D:11     | Found a frozen archway.
  9824 | D:11     | Noticed an ice dragon
  9826 | D:11     | Reached skill level 8 in Spellcasting
  9867 | D:11     | Killed from afar by an ice dragon

Levels and vault maps discovered:
D:1:      wander_arrival_fairy_ring, layout_loops_ring
D:2:      layout_loops_ring, minitemple, chequers_ecumenical_altar_simple
D:3:      layout_basic, gammafunk_temple_overflow_elements,
          uniq_crazy_yiuf_cottage, uniq_ijyb
D:4:      layout_cave_pods, minmay_temple_entry_ruins, first_ration,
          minmay_joined_circles, uniq_robin
D:5:      layout_basic, nicolae_dithmenos_shadow_blocks, minmay_fire_ice_demons
D:6:      layout_rooms, marbit_many_paths, uniq_sigmund
D:7:      layout_loops_ring, serial_shops, shop, grunt_livestock, uniq_pikel
D:8:      layout_layer_cave, uniq_maurice
D:9:      kennysheep_spiral_hall, layout_rooms, orc_0_dummy,
          lemuel_flamethrower_1
D:10:     gammafunk_the_bubble [the_bubble_gammafunk_split], layout_long_grid
D:11:     layout_long_grid, due_lair_maze_entry_diamond,
          portal_ice_cave_entry_animals_and_master, serial_shops,
          nicolae_shop_waterfront
Temple:   eino_temple_lava

Skill      XL: |  1  2  3  4  5  6  7  8  9 10 11 |
---------------+----------------------------------+-----
Conjurations   | 2 3 4 5 |  5.7
Spellcasting   | 5 6 7 8 |  8.1
Invocations    | 1 2 3 4 5 6 |  6.9
Fighting       | 1 2 3 4 5 6 |  6.3
Short Blades   | 1 2 3 4 5 6 |  6.3
Long Blades    | 1 2 3 4 5 6 |  6.3
Axes           | 1 2 3 4 5 6 |  6.3
Maces & Flails | 1 2 3 4 5 6 |  6.3
Polearms       | 1 2 3 4 5 6 |  6.3
Staves         | 1 2 3 4 5 6 |  6.3
Slings         | 1 2 3 4 5 6 |  6.3
Bows           | 1 2 3 4 5 6 |  6.3
Crossbows      | 1 2 3 4 5 6 |  6.3
Throwing       | 1 2 3 4 5 6 |  6.3
Armour         | 1 2 3 4 5 6 |  6.3
Shields        | 1 2 3 4 5 6 |  6.3
Unarmed Combat | 1 2 3 4 5 6 |  6.3
Evocations     | 1 2 3 4 5 6 |  6.3
Hexes          | 1 2 3 4 5 |  5.2
Charms         | 1 2 3 4 5 |  5.2
Summonings     | 1 2 3 4 5 |  5.2
Necromancy     | 1 2 3 4 5 |  5.2
Translocations | 1 2 3 4 5 |  5.2
Transmutations | 1 2 3 4 5 |  5.2
Fire Magic     | 1 2 3 4 5 |  5.2
Air Magic      | 1 2 3 4 5 |  5.2
Earth Magic    | 1 2 3 4 5 |  5.2
Poison Magic   | 1 2 3 4 5 |  5.2
Dodging        | 5 6 7 |  7.9
Stealth        | 5 6 7 |  7.6
Ice Magic      | 6 7 |  7.6

Action                   |  1- 3 |  4- 6 |  7- 9 | 10-12 || total
-------------------------+-------+-------+-------+-------++-------
Melee: Unarmed           |    10 |       |       |       ||    10
       Bite              |     1 |    11 |    19 |    45 ||    76
       Dagger            |     2 |       |       |       ||     2
       Rapier            |       |    69 |    67 |   277 ||   413
       Punch             |       |     1 |       |       ||     1
       Whip              |       |    37 |   137 |       ||   174
 Cast: Freeze            |    56 |    64 |   150 |    65 ||   335
       Summon Ice Beast  |       |     1 |     8 |    30 ||    39
       Regeneration      |       |       |       |     6 ||     6
Invok: Curse Item        |       |     1 |       |     1 ||     2
Evoke: Wand              |       |       |       |     3 ||     3
  Use: Scroll            |       |       |       |    10 ||    10
 Stab: Sleeping          |     3 |     7 |     8 |     7 ||    25
  Eat: Chunk             |       |     6 |    12 |     5 ||    23
       Ration            |       |       |       |     3 ||     3
Armor: Robe              |     6 |    17 |       |       ||    23
       Leather armour    |       |    15 |    85 |    96 ||   196
Dodge: Dodged            |    34 |   130 |   259 |   252 ||   675
Block: Buckler           |       |       |    43 |   106 ||   149

Table legend:
 A = Non-vault XP
 B = Vault XP
 C = Vault XP percentage of total XP
 D = Non-vault monster count
 E = Vault monster count
 F = Vault count percentage of total count
                 A         B        C        D         E       F
            +---------+---------+-------+---------+---------+-------
      Total |    8935 |    5273 |  37.1 |     271 |      52 |  16.1
            +---------+---------+-------+---------+---------+-------
        D:1 |      40 |       0 |   0.0 |      23 |       0 |   0.0
        D:2 |      97 |       0 |   0.0 |      28 |       0 |   0.0
        D:3 |     152 |      36 |  19.1 |      25 |       1 |   3.8
        D:4 |     739 |     231 |  23.8 |      37 |      22 |  37.3
        D:5 |     437 |      60 |  12.1 |      27 |       2 |   6.9
        D:6 |     856 |     228 |  21.0 |      14 |       2 |  12.5
        D:7 |     646 |    1113 |  63.3 |      21 |       6 |  22.2
        D:8 |    1160 |     390 |  25.2 |      20 |       1 |   4.8
        D:9 |    2276 |     179 |   7.3 |      26 |       2 |   7.1
       D:10 |    1426 |       0 |   0.0 |      43 |       0 |   0.0
       D:11 |    1106 |    3036 |  73.3 |       7 |      16 |  69.6
            +---------+---------+-------+---------+---------+-------
